 Dungeon Crawl Stone Soup version 0.31-a0-700-gf13585253f (webtiles) character file.

Game seed: 16279297791606714952

306 qw the Shooter (level 6, 0/38 HPs)
             Began as a Gargoyle Hunter on Sept 7, 2023.
             Slain by Duvessa
             ... wielding a +0 short sword
              (3 damage)
             ... on level 4 of the Dungeon.
             The game lasted 00:01:10 (2206 turns).

qw the Shooter (Gargoyle Hunter)                    Turns: 2206, Time: 00:01:10

Health: 0/38       AC:  9    Str: 14    XL:     6   Next: 39%
Magic:  6/6        EV: 10    Int: 10    God:
Gold:   243        SH:  0    Dex: 15    Spells: 5/5 levels left

rFire   . . .        Y - +0 shortbow
rCold   . . .        (shield currently unavailable)
rNeg    + + .        d - +0 ring mail
rPois   inf          (no helmet)
rElec   +            (no cloak)
rCorr   .            (no gloves)
SInv    .            (no boots)
Will    +....        (no amulet)
Stlth   +            b - ring of positive energy
HPRegen 0.26/turn    c - ring of willpower
MPRegen 0.10/turn

%: no passive effects
@: no status effects
A: sickness immunity, AC +4, negative energy resistance 1, electricity
resistance, torment resistance 1, petrification resistance
a: no special abilities


You were on level 4 of the Dungeon.
You visited 1 branch of the dungeon, and saw 4 of its levels.

You collected 243 gold pieces.


Innate Abilities, Weirdness & Mutations

You are immune to sickness and miasma.
Your stone body is resilient. (AC +4)
You are immune to poison.
You resist negative energy. (rN+)
You are resistant to electric shocks. (rElec)
You are resistant to unholy torment.
You are immune to petrification.


   Skills:
 - Level 4.0 Fighting
 + Level 6.6 Ranged Weapons
 - Level 1.1 Armour
 - Level 1.5 Dodging
 - Level 1.1 Stealth


You had 5 spell levels left.
You didn't know any spells.
Your spell library was empty.

Inventory:

Hand Weapons
 Y - a +0 shortbow (weapon)
Armour
 d - a +0 ring mail (worn)
Jewellery
 b - a ring of positive energy (left hand)
 c - a ring of willpower (right hand)
 g - a ring of ice
Scrolls
 a - a scroll of identify
Potions
 e - a potion of curing
 f - 3 potions of might
 h - a potion of cancellation
 i - a potion of enlightenment
 m - a potion of haste

Dungeon Overview and Level Annotations

Branches:
Dungeon (4/15)
 Temple: D:4-7

Altars:

Annotations:
D:4 Duvessa


Message History

You shoot an arrow. The arrow barely misses Dowan.
You shoot an arrow. The arrow hits Dowan.
You kill Dowan!
You hear a distant scream of rage.
You start resting.
Duvessa is nearby!
You shoot an arrow.
Duvessa shouts!
The arrow hits Duvessa.
Duvessa is lightly wounded.
Duvessa goes berserk!
You shoot an arrow. The arrow hits Duvessa.
Duvessa is lightly wounded.
You shoot an arrow. The arrow hits Duvessa.
Duvessa is moderately wounded.
You shoot an arrow. The arrow barely misses Duvessa.
Duvessa barely misses you. x2
You shoot an arrow. The arrow closely misses Duvessa.
Duvessa closely misses you. Duvessa barely misses you.
You shoot an arrow.
The arrow hits Duvessa but does no damage.
Duvessa is moderately wounded.
Duvessa hits you with a +0 short sword! Duvessa hits you with a +0 short sword.
You shoot an arrow.
The arrow hits Duvessa but does no damage.
Duvessa is moderately wounded.
Duvessa hits you but does no damage.
You shoot an arrow. The arrow hits Duvessa!
Duvessa is moderately wounded.
Duvessa hits you with a +0 short sword! Duvessa hits you but does no damage.
You shoot an arrow.
The arrow hits Duvessa but does no damage.
Duvessa is moderately wounded.
Duvessa hits you but does no damage. Duvessa barely misses you.
You shoot an arrow. The arrow completely misses Duvessa.
Duvessa closely misses you. Duvessa hits you with a +0 short sword.
You shoot an arrow. The arrow hits Duvessa.
Duvessa is heavily wounded.
Duvessa hits you with a +0 short sword.
You die...

#. #. # #. . ####.
#. #.... #.# ..
#.### #..######..#
###)### #....e....#
#..)... #.@# #.#
#.#....
#..###.######.##...
#...##.#...........
#.#.##.#.#.##....).
#)#.##.#...##......
..#.....##....#....
####..#..#####.#.#..
###.....## #.....#
.....#....# ##....


You could see Duvessa (berserk).

Vanquished Creatures
  Dowan (D:4)
  A jelly (D:4)
  A sleepcap (D:2)
  Jessica (D:3)
  An orc wizard (D:3)
  4 adders
  A worm (D:2)
  3 dart slugs
  11 orcs
  7 endoplasms
  4 giant cockroaches
  3 goblins
  5 hobgoblins
  10 jackals
  7 quokkas
  8 ball pythons
  5 bats
  2 frilled lizards
  5 kobolds (D:1)
  7 rats
87 creatures vanquished.

Notes
Turn   | Place    | Note
-------+----------+-------------------------------------------
     0 | D:1      | qw the Gargoyle Hunter began the quest for the Orb.
     0 | D:1      | Reached XP level 1. HP: 12/12 MP: 1/1
     0 | D:1      | 0 ||| qw: Version: 0.3-a-76-g4403597
     0 | D:1      | 0 ||| qw: Game counter: 447
     0 | D:1      | 0 ||| qw: Melee chars always use a shield: true
     0 | D:1      | 0 ||| qw: God list: Okawaru
     0 | D:1      | 0 ||| qw: Allow faded altars: false
     0 | D:1      | 0 ||| qw: Do Orc after clearing Dungeon:15 true
     0 | D:1      | 0 ||| qw: Do second Lair branch before Depths: true
     0 | D:1      | 0 ||| qw: Lair rune preference: random
     0 | D:1      | 0 ||| qw: Goals: Normal
     0 | D:1      | 0 ||| PLANNING D:1-11
   108 | D:1      | Reached XP level 2. HP: 17/17 MP: 2/2
   392 | D:1      | Reached XP level 3. HP: 21/21 MP: 3/3
   561 | D:1      | Reached skill level 5 in Ranged Weapons
   637 | D:1      | 637 ||| UPGRADING to +0 ring mail.
   647 | D:1      | 647 ||| DROPPING +0 leather armour.
   648 | D:1      | 648 ||| READING 2 scrolls labelled SAINAA RAETH.
   649 | D:1      | 649 ||| READING scroll labelled JUASUR LYARIO.
   650 | D:1      | 650 ||| DRINKING 4 metallic blue potions.
   651 | D:1      | 651 ||| DROPPING scroll of butterflies.
   748 | D:2      | Reached skill level 1 in Armour
   905 | D:2      | Reached skill level 3 in Fighting
   905 | D:2      | Reached XP level 4. HP: 28/28 MP: 4/4
  1119 | D:2      | 1119 ||| DROPPING scarf of shadows.
  1120 | D:2      | 1120 ||| UPGRADING to ring of positive energy.
  1121 | D:2      | 1121 ||| UPGRADING to ring of willpower.
  1122 | D:2      | 1122 ||| READING scroll labelled YMIBBE KAHY.
  1123 | D:2      | 1123 ||| READING scroll labelled JITHUTS XAFANKUTO.
  1124 | D:2      | 1124 ||| READING 3 scrolls of identify.
  1124 | D:2      | 1124 ||| IDENTIFYING fizzy brown potion
  1125 | D:2      | 1125 ||| READING 2 scrolls of identify.
  1125 | D:2      | 1125 ||| IDENTIFYING fizzy grey potion
  1150 | D:3      | 1150 ||| STAIRDANCE
  1185 | D:3      | 1185 ||| STAIRDANCE
  1251 | D:3      | Reached XP level 5. HP: 32/32 MP: 5/5
  1480 | D:3      | Found a faded altar of an unknown god.
  1523 | D:3      | Reached skill level 6 in Ranged Weapons
  1806 | D:3      | Noticed Jessica
  1810 | D:3      | Killed Jessica
  1994 | D:3      | 1994 ||| READING scroll labelled IZET NIUPNUE.
  1995 | D:3      | 1995 ||| READING scroll labelled MAUDO WUWIA.
  1998 | D:3      | 1998 ||| DRINKING 2 golden potions.
  1999 | D:3      | 1999 ||| READING 5 scrolls of identify.
  1999 | D:3      | 1999 ||| IDENTIFYING fuming brown potion
  2000 | D:3      | 2000 ||| READING 4 scrolls of identify.
  2000 | D:3      | 2000 ||| IDENTIFYING silvery potion
  2001 | D:3      | 2001 ||| READING 3 scrolls of identify.
  2001 | D:3      | 2001 ||| IDENTIFYING red potion
  2002 | D:3      | 2002 ||| READING 2 scrolls of identify.
  2002 | D:3      | 2002 ||| IDENTIFYING smoky red potion
  2003 | D:3      | 2003 ||| DROPPING potion of magic.
  2004 | D:3      | 2004 ||| DROPPING potion of attraction.
  2005 | D:3      | 2005 ||| DROPPING potion of ambrosia.
  2016 | D:4      | Reached XP level 6. HP: 38/38 MP: 6/6
  2137 | D:4      | Noticed Dowan
  2139 | D:4      | Noticed Duvessa
  2140 | D:4      | 2140 ||| RETREATING.
  2168 | D:4      | Killed Dowan
  2203 | D:4      | HP: 7/38 [Duvessa/+0 short sword (8)]
  2205 | D:4      | HP: 2/38 [Duvessa/+0 short sword (5)]
  2206 | D:4      | Slain by Duvessa

Levels and vault maps discovered:
D:1:      erik_arrival_blinker_ship, layout_loops_ring, minmay_pentomino_u4
D:2:      layout_basic
D:3:      layout_basic, ebering_ecumenical_altar_abandoned,
          kennysheep_generic_room_11, uniq_jessica
D:4:      layout_basic, nicolae_overflow_squiral, uniq_duvessa

Skill      XL: |  1  2  3  4  5 |
---------------+----------------+-----
Ranged Weapons | 5 6 |  6.6
Armour         | 1 |  1.1
Fighting       | 3 4 |  4.0
Dodging        | |  1.5
Stealth        | |  1.1

Action                     |  1- 3 |  4- 6 || total
---------------------------+-------+-------++-------
   Fire: Shortbow          |   118 |   184 ||   302
    Use: Scroll            |     2 |    10 ||    12
         Potion            |     1 |     1 ||     2
 Armour: Leather armour    |    21 |       ||    21
         Ring mail         |    31 |    94 ||   125
  Dodge: Dodged            |    33 |    57 ||    90

Table legend:
 A = Non-vault XP
 B = Vault XP
 C = Vault XP percentage of total XP
 D = Non-vault monster count
 E = Vault monster count
 F = Vault count percentage of total count
                 A         B        C        D         E       F
            +---------+---------+-------+---------+---------+-------
      Total |     309 |     129 |  29.5 |      80 |       7 |   8.0
            +---------+---------+-------+---------+---------+-------
        D:1 |      34 |       7 |  17.1 |      21 |       4 |  16.0
        D:2 |     115 |       0 |   0.0 |      28 |       0 |   0.0
        D:3 |     103 |      50 |  32.7 |      25 |       2 |   7.4
        D:4 |      57 |      72 |  55.8 |       6 |       1 |  14.3
            +---------+---------+-------+---------+---------+-------
